 Dungeon Crawl Stone Soup version 0.32-a0-818-gb728d0252e (webtiles) character file.

Game seed: 5467240507612132364

331 AstroCodex24 the Chopper (level 6, -2/47 HPs)
             Began as a Vampire Fighter on Mar 23, 2024.
             Slain by Crazy Yiuf
             ... wielding a +4 quarterstaff of chaos
              (7 damage)
             ... on level 3 of the Dungeon.
             The game lasted 00:15:30 (2996 turns).

AstroCodex24 the Chopper (Vampire Fighter)          Turns: 2996, Time: 00:15:30

Health: -2/47      AC: 13    Str: 17    XL:     6   Next: 26%
Magic:  6/6        EV:  8    Int: 10    God:
Gold:   161        SH:  0    Dex: 14    Spells: 5/5 levels left

rFire   . . .        a - +0 war axe
rCold   . . .        c - +0 buckler
rNeg    . . .        b - +0 scale mail
rPois   .            t - +1 helmet
rElec   .            h - +0 cloak
rCorr   .            y - +2 pair of gloves
SInv    +            (no boots)
Will    .....        (no amulet) Stlth
                     (no ring)
HPRegen 0.47/turn    (no ring)
MPRegen 0.10/turn

%: no passive effects
@: confused, lethally poisoned (-2 -> -9), healing quickly
A: alive, fangs 3, see invisible, vampiric 2
a: Exsanguinate


You were on level 3 of the Dungeon.
You visited 1 branch of the dungeon, and saw 3 of its levels.

You collected 161 gold pieces.

Inventory:

Hand Weapons
 a - a +0 war axe (weapon)
 j - a +0 halberd
 k - a +1 short sword of venom
Missiles
 d - 2 throwing nets (quivered)
Armour
 b - a +0 scale mail (worn)
 c - a +0 buckler (worn)
 h - a +0 cloak (worn)
 t - a +1 helmet (worn)
 y - a +2 pair of gloves (worn)
Jewellery
 v - an amulet of the acrobat
Talismans
 p - a flux talisman
 s - a blade talisman
Wands
 l - a wand of polymorph (6)
 q - a wand of flame (38)
Scrolls
 e - 2 scrolls of amnesia
 i - a scroll of enchant armour
 m - 4 scrolls of teleportation
 u - a scroll of poison {unknown}
 w - a scroll of fear {unknown}
 x - 2 scrolls of revelation {unknown}
Potions
 f - 2 potions of heal wounds {unknown}
 g - a potion of curing {unknown}
 n - a potion of magic {unknown}
 o - a potion of degeneration {unknown}
 r - a potion of mutation {unknown}
 z - a potion of lignification {unknown}


   Skills:
 + Level 3.4 Fighting
 + Level 4.1 Axes
 + Level 3.2 Armour
 + Level 0.9 Dodging
 + Level 0.1 Stealth
 + Level 3.8 Shields


You had 5 spell levels left.
You didn't know any spells.
Your spell library contained the following spells:

 Spells                   Type           Power      Damage    Failure   Level
 Necrotise                Necr           0%         1d4       85%         1
 Fugue of the Fallen      Necr           0%         N/A       99%         3
 Ozocubu's Armour         Ice            0%         N/A       99%         3
 Vampiric Draining        Necr           0%         2d6       99%         3
 Manifold Assault         Tloc           0%         N/A       100%        4
 Martyr's Knell           Necr/Summ      0%         N/A       100%        4
 Curse of Agony           Necr           0%         N/A       100%        5


Dungeon Overview and Level Annotations

Branches:
Dungeon (3/15)

Altars:
Hepliaklqana
Ru

Annotations:
D:3 Crazy Yiuf


Innate Abilities, Weirdness & Mutations

Your natural rate of healing is accelerated.
You have razor-sharp teeth.
You have supernaturally acute eyesight. (SInv)
You are afflicted with vampirism and can become a bat while bloodless.


Message History

There is an open door here.
You see here the felid skeleton of Natasha.
There is an open door here.
You see here a ball python skeleton.
There is an open door here.
You see here a +0 spear.
There is an open door here.
Found a hammer.
Found a runed translucent door.
Crazy Yiuf shouts!
You open the door. You barely miss Crazy Yiuf. Crazy Yiuf barely misses you.
You hit Crazy Yiuf but do no damage. You bite Crazy Yiuf.
Crazy Yiuf is lightly wounded.
Crazy Yiuf hits you with a +4 quarterstaff of chaos!
Crazy Yiuf freezes you.
You hit Crazy Yiuf.
Crazy Yiuf is moderately wounded.
Crazy Yiuf barely misses you.
Crazy Yiuf hits you with a +4 quarterstaff of chaos!
Crazy Yiuf freezes you.
You hit Crazy Yiuf.
Crazy Yiuf is heavily wounded.
Crazy Yiuf hits you but does no damage.
You are confused.
You bump into the stone wall.
Crazy Yiuf hits you with a +4 quarterstaff of chaos.
You bump into the stone wall.
Crazy Yiuf hits you with a +4 quarterstaff of chaos!
* * * LOW HITPOINT WARNING * * *
You are lethally poisoned!
You closely miss Crazy Yiuf.
Crazy Yiuf is moderately wounded.
* * * LOW HITPOINT WARNING * * *
You feel very sick. Crazy Yiuf closely misses you.
You bump into the stone wall.
* * * LOW HITPOINT WARNING * * *
You feel sick.
Crazy Yiuf hits you with a +4 quarterstaff of chaos!
You die...

.....#..÷#.##.#####..............
.#####...........##..............
.# #.######.##.##..............
.# #.# ############......... .#
#.# #......... .# #.# #.........
.# #.###♣♣ ### #........)
.#####..#..♣♣ ♣♣#..)# #####...))
............♣♣♣♣@g...# #...))
#######......♣..♣#...# #.....
###...♣.♣♣♣ ### ## #.....
######♣♣♣♣♣ #.######## #...#
#.....# #
#...################...#.# ##
#.........'....#.#.....#.# #.
#.........######.#.###...# #.
#....................#..[###.


You could see Crazy Yiuf.

Vanquished Creatures
  A gnoll bouda (D:2)
  Ijyb (D:3)
  Natasha (thrice) (D:3)
  An orc wizard (D:3)
  Robin (D:3)
  3 adders
  7 gnolls
  A dart slug (D:3)
  An orc (D:3)
  6 ball pythons
  5 bats
  6 endoplasms
  A giant cockroach (D:1)
  8 hobgoblins
  A jackal (D:3)
  4 quokkas
  4 frilled lizards
  12 goblins
  6 kobolds
  5 rats
77 creatures vanquished.

Notes
Turn   | Place    | Note
-------+----------+-------------------------------------------
     0 | D:1      | AstroCodex24 the Vampire Fighter began the quest for the
                  | Orb.
     0 | D:1      | Reached XP level 1. HP: 17/17 MP: 1/1
   301 | D:2      | Noticed a gnoll bouda
   307 | D:2      | Reached skill level 2 in Axes
   307 | D:2      | Reached XP level 2. HP: 20/23 MP: 2/2
   369 | D:2      | Gained mutation: You are afflicted with vampirism and can
                  | become a bat while bloodless. [Vampire growth]
   369 | D:2      | Reached XP level 3. HP: 24/29 MP: 3/3
   380 | D:2      | Reached XP level 4. HP: 17/35 MP: 4/4
   494 | D:2      | Reached skill level 3 in Axes
   560 | D:3      | Found a sacrificial altar of Ru.
   571 | D:3      | Reached XP level 5. HP: 35/41 MP: 5/5
   699 | D:3      | Noticed Ijyb
   709 | D:3      | Killed Ijyb
   769 | D:3      | Noticed Natasha
   769 | D:3      | Noticed Robin
   780 | D:3      | Killed Natasha
   789 | D:3      | Killed Robin
   792 | D:3      | Noticed Natasha
   808 | D:3      | Killed Natasha
   809 | D:3      | Reached skill level 4 in Axes
   905 | D:3      | Noticed Natasha
   916 | D:3      | Killed Natasha
   917 | D:3      | Reached XP level 6. HP: 28/47 MP: 6/6
  2613 | D:2      | Found a hazy altar of Hepliaklqana.
  2984 | D:3      | Found a runed translucent door.
  2985 | D:3      | Noticed Crazy Yiuf
  2996 | D:3      | Slain by Crazy Yiuf

Illustrated notes

Levels and vault maps discovered:
D:1:      roderic_octagonal_star, layout_loops_ring
D:2:      layout_basic, basic_altar
D:3:      layout_basic, nicolae_ru_great_annihilating_truth, uniq_ijyb,
          uniq_crazy_yiuf_cottage, uniq_natasha, uniq_robin

Skill      XL: |  1  2  3  4  5 |
---------------+----------------+-----
Axes           | 2 3 4 |  4.1
Shields        | 3 |  3.8
Fighting       | 3 |  3.4
Armour         | 3 |  3.2
Dodging        | |  0.9
Stealth        | |  0.1

Action                     |  1- 3 |  4- 6 || total
---------------------------+-------+-------++-------
  Melee: War axe           |    44 |   176 ||   220
         Bite              |     2 |    14 ||    16
         Unarmed           |       |     2 ||     2
  Evoke: Wand              |       |     1 ||     1
    Use: Potion            |     1 |       ||     1
         Scroll            |       |     3 ||     3
   Stab: Paralysed         |       |     1 ||     1
 Armour: Scale mail        |    31 |   200 ||   231
  Dodge: Dodged            |    19 |    95 ||   114
  Block: Buckler           |    13 |    62 ||    75

Table legend: (Time is in decaauts)
 A = Elapsed time spent in this place.
 B = Non-inter-level travel time spent in this place.
 C = Inter-level travel time spent in this place.
 D = Time resting spent in this place.
 E = Time spent auto-exploring this place.
 F = Levels seen in this place.
 G = Mean time per level.
                   A        B        C        D        E       F      G
               +--------+--------+--------+--------+--------+-----+--------+
         Total |   3086 |   2654 |    432 |      0 |      0 |   3 | 1028.7 |
       Dungeon |   3086 |   2654 |    432 |      0 |      0 |   3 | 1028.7 |
               +--------+--------+--------+--------+--------+-----+--------+

Top non-repeatable levels by time:
     D:3: 1136 daAuts
     D:1: 1044 daAuts
     D:2: 905 daAuts
